 Dungeon Sprint DCSS version 0.29-a0-1033-gb6c65ffae6 (webtiles) character file.

Game seed: 17537408556889757345

8426 mhtbhm the Sorcerer (level 11, -2/54 (57) HPs)
             Began as a Deep Elf Fire Elementalist on Aug 14, 2022.
             Was the Champion of Vehumet.
             Killed from afar by a deep elf death mage (33 damage)
             ... with a bolt of negative energy
             ... in the Dungeon (Sprint III: "The Ten Rune Challenge").
             The game lasted 00:07:44 (1948 turns).

mhtbhm the Sorcerer (Deep Elf Fire Elementalist)    Turns: 1948, Time: 00:07:45

HP:   -2/54 (57)    AC:  5    Str:  5    XL:     11   Next: 9%
MP:   30/38         EV: 15    Int: 25    God:    Vehumet [******]
Gold: 1733          SH:  0    Dex: 15    Spells: 36/53 levels left

rFire   . . .      SeeInvis .   h - +1 dagger (elec)
rCold   . . .      Faith    .   (no shield)
rNeg    . . .      Spirit   .   a - +0 robe
rPois   .          Reflect  .   o - +0 helmet
rElec   .          Harm     .   (no cloak)
rCorr   .          Rampage  .   (no gloves)
Will    +....      NoTele   +   q - +1 pair of boots
Stlth   +++.......              (no amulet)
HPRegen 0.18/turn               (no ring)
MPRegen 0.26/turn               (no ring)

@: flying, studying Unarmed Combat, drained
A: no striking features
a: Renounce Religion


You were in the Dungeon.
You worshipped Vehumet.
Vehumet was exalted by your worship.
You visited 1 branch You collected 1905 gold pieces.
You spent 172 gold pieces at shops.

Inventory:

Hand Weapons
 h - a +1 dagger of electrocution (weapon)
Armour
 a - a +0 robe (worn)
 o - a +0 helmet (worn)
 q - a +1 pair of boots (worn)
Scrolls
 g - a scroll of blinking
 i - 2 scrolls of poison
 j - a scroll of enchant armour {unknown}
 m - a scroll of identify {unknown}
Potions
 b - 3 potions of magic
 c - a potion of curing
 d - a potion of heal wounds
 e - a potion of haste
 f - 2 potions of berserk rage
 k - a potion of flight
 l - 7 potions of mutation
 n - a potion of might
Miscellaneous
 p - a condenser vane (inert)


   Skills:
 + Level 1.8 Fighting
 + Level 6.7 Dodging
 + Level 6.2 Stealth
 + Level 21.7 Spellcasting
 + Level 10.3 Conjurations
 + Level 3.3 Hexes
 + Level 18.9 Fire Magic
 + Level 1.4 Evocations


You had 36 spell levels left.
You knew the following spells:

 Your Spells              Type           Power      Damage    Failure   Level
a - Foxfire               Conj/Fire      100%       2x1d9     0%          1
b - Scorch                Fire           100%       2d10      0%          2
c - Conjure Flame         Conj/Fire      79%        6-21      0%          3
d - Inner Flame           Hex/Fire       70%        N/A       1%          3
e - Flame Wave            Conj/Fire      79%        2d17      1%          4
f - Sticky Flame          Conj/Fire      79%        2d9       1%          4

Your spell library contained the following spells:

 Spells                   Type           Power      Damage    Failure   Level
 Iskenderun's Mystic Bla  Conj/Tloc      52%        2d11      1%          4
 Cause Fear               Hex            21%        N/A       3%          4
 Discord                  Hex            21%        N/A       100%        8


Dungeon Overview and Level Annotations

Branches:
Dungeon (1/1)

Altars:
Cheibriados
Dithmenos
Elyvilon
Fedhas
Gozag
Hepliaklqana
Kikubaaqudgha
Makhleb
Nemelex Xobeh
Okawaru
Qazlal
Ru
Sif Muna
Trog
Uskayaw
Vehumet
Wu Jian
Xom
Yredelemnul
Zin
The Shining One
Jiyva
Lugonu

Shops:
D [


Message History

The flame wave engulfs the deep elf demonologist!
The deep elf demonologist resists.
The deep elf demonologist is severely wounded.
The flame wave engulfs the neqoxec!!
You kill the neqoxec!
The neqoxec disappears in a puff of smoke!
The flame wave engulfs the lost soul!
The lost soul resists.
The lost soul is almost destroyed.
The flame wave engulfs the deep elf death mage!
The deep elf death mage resists.
The deep elf death mage is heavily wounded.
You finish channelling waves of flame.
* * * LOW HITPOINT WARNING * * *
You feel very sick.
You feel better.
Casting: Flame Wave (safe; 1% risk of failure)
Confirm with . or Enter, or press ? or * to list all spells.
Flames lash the lost soul.
The lost soul resists.
You destroy the lost soul!
The lost soul fades away!
You are engulfed in a cloud of scalding steam.
* * * LOW HITPOINT WARNING * * *
Casting: Scorch (safe; 0% risk of failure)
Confirm with . or Enter, or press ? or * to list all spells.
Okay, then.
You feel much better.
You are engulfed in a cloud of scalding steam.
Unknown command.
You see here a +1 robe of cold resistance.
Unknown command.
Casting: Scorch (safe; 0% risk of failure)
Confirm with . or Enter, or press ? or * to list all spells.
Okay, then.
Clouds of poison gas condense around you!
The condenser dries out!
The deep elf demonologist hits the deep elf demonologist with the +9 falchion of Ruination {venom, Fly rF+ Int-3}.
The deep elf death mage gestures at you while chanting.
The bolt of negative energy hits you!!
You feel drained.
Ouch! That really hurt!
You die...

▓▓▓ ▓▓▓
##.###.#################
#..##..'.#...##.@[.'....
......##.#...##§○≈≈##..#
).....##)#..§§§§§...§..
))...#.#)#...##e§§≈##§.#
∩...#.##.'...##ee§.'....
########################
##### §~+§# ~§#.#


You could see a deep elf death mage and 2 deep elf demonologists.

Vanquished Creatures
  A deep elf blademaster (D)
  A deep elf demonologist (D)
  A deep elf annihilator (D)
  Josephine (D)
  A deep elf high priest (D)
  An orc high priest (D)
  A deep elf knight (D)
  2 deep elf pyromancers (D)
  3 deep elf zephyrmancers (D)
  A shadow (D)
  A spatial vortex (D)
  3 orc warriors (D)
  A necrophage (D)
  A scorpion (D)
  A water elemental (D)
  A jelly (D)
  3 orc priests (D)
  Jessica (D)
  3 orc wizards (D)
  A wizard (D)
  A necromancer (D)
  3 humans (D)
  A kobold demonologist (D)
  8 orcs (D)
  2 endoplasms (D)
  A rat (D)
45 creatures vanquished.

Vanquished Creatures (others)
  33 foxfires (D)
33 creatures vanquished.

Grand Total: 78 creatures vanquished

Notes
Turn   | Place    | Note
-------+----------+-------------------------------------------
     0 | D        | mhtbhm the Deep Elf Fire Elementalist began the quest for
                  | the Orb.
     0 | D        | Reached XP level 1. HP: 10/10 MP: 6/6
    75 | D        | Noticed Jessica
    79 | D        | Killed Jessica
    80 | D        | Reached skill level 4 in Spellcasting
    80 | D        | Reached skill level 5 in Fire Magic
    80 | D        | Reached XP level 2. HP: 15/15 MP: 2/9
    80 | D        | Reached XP level 3. HP: 19/19 MP: 2/11
   195 | D        | Reached skill level 5 in Spellcasting
   200 | D        | Learned a level 2 spell: Scorch
   204 | D        | Learned a level 3 spell: Conjure Flame
   208 | D        | Learned a level 3 spell: Inner Flame
   410 | D        | Noticed a scorpion
   413 | D        | Killed a scorpion
   414 | D        | Reached skill level 6 in Spellcasting
   414 | D        | Reached XP level 4. HP: 24/24 MP: 5/14
   480 | D        | Learned a level 4 spell: Flame Wave
   483 | D        | Noticed a water elemental
   486 | D        | Killed a water elemental
   487 | D        | Reached skill level 8 in Spellcasting
   487 | D        | Reached XP level 5. HP: 28/28 MP: 8/17
   550 | D        | Found a radiant altar of Vehumet.
   550 | D        | Found a shimmering blue altar of Sif Muna.
   550 | D        | Found an ancient bone altar of Kikubaaqudgha.
   564 | D        | Became a worshipper of Vehumet
   604 | D        | Found a shadowy altar of Dithmenos.
   608 | D        | Reached skill level 9 in Spellcasting
   609 | D        | Reached skill level 10 in Spellcasting
   609 | D        | Reached XP level 6. HP: 28/32 MP: 11/21
   609 | D        | Found a basalt altar of Yredelemnul.
   609 | D        | Found a sacrificial altar of Ru.
   665 | D        | Found a glowing silver altar of Zin.
   665 | D        | Found a glowing golden altar of the Shining One.
   665 | D        | Found a white marble altar of Elyvilon.
   665 | D        | Noticed a deep elf pyromancer
   666 | D        | Noticed a fire elemental
   666 | D        | Noticed a fire elemental
   669 | D        | Noticed a fire elemental
   669 | D        | Killed a deep elf pyromancer
   669 | D        | Reached * piety under Vehumet
   669 | D        | Offered knowledge of Magic Dart by Vehumet.
   670 | D        | Reached skill level 5 in Dodging
   670 | D        | Reached skill level 5 in Stealth
   670 | D        | Reached skill level 13 in Spellcasting
   670 | D        | Reached skill level 5 in Conjurations
   670 | D        | Reached XP level 7. HP: 9/37 MP: 13/25
   899 | D        | Found a hide-covered altar of Uskayaw.
   899 | D        | Found an iron altar of Okawaru.
   900 | D        | Found a bloodstained altar of Trog.
   900 | D        | Found an ornate altar of the Wu Jian Council.
   900 | D        | Noticed a human
   902 | D        | Noticed a human
   908 | D        | Killed a human
   909 | D        | Reached skill level 1 in Fighting
   911 | D        | Killed a human
   912 | D        | Reached skill level 14 in Spellcasting
   912 | D        | Reached XP level 8. HP: 12/43 MP: 9/28
  1139 | D        | Reached ** piety under Vehumet
  1139 | D        | Offered knowledge of Static Discharge by Vehumet.
  1177 | D        | Found a blossoming altar of Fedhas.
  1177 | D        | Found a stormy altar of Qazlal.
  1178 | D        | Found a snail-covered altar of Cheibriados.
  1178 | D        | Found a burning altar of Makhleb.
  1178 | D        | Found a hazy altar of Hepliaklqana.
  1178 | D        | Found a shimmering altar of Xom.
  1178 | D        | Found an opulent altar of Gozag.
  1178 | D        | Found a sparkling altar of Nemelex Xobeh.
  1178 | D        | Found a corrupted altar of Lugonu.
  1178 | D        | Found a viscous altar of Jiyva.
  1192 | D        | Reached skill level 15 in Spellcasting
  1301 | D        | Noticed Josephine
  1311 | D        | Killed Josephine
  1311 | D        | Reached *** piety under Vehumet
  1312 | D        | Reached skill level 16 in Spellcasting
  1362 | D        | Found Uppiof's Antique Armour Shop.
  1362 | D        | Noticed an orc high priest
  1366 | D        | Offered knowledge of Mephitic Cloud by Vehumet.
  1367 | D        | Reached XP level 9. HP: 33/47 MP: 23/31
  1367 | D        | Killed an orc high priest
  1367 | D        | Reached **** piety under Vehumet
  1368 | D        | Reached skill level 17 in Spellcasting
  1368 | D        | Reached skill level 15 in Fire Magic
  1371 | D        | Reached ***** piety under Vehumet
  1584 | D        | Bought a pair of runed boots for 172 gold pieces
  1612 | D        | Noticed a deep elf pyromancer
  1612 | D        | Noticed a deep elf knight
  1612 | D        | Noticed a deep elf zephyrmancer
  1612 | D        | Noticed a deep elf zephyrmancer
  1612 | D        | Noticed a deep elf zephyrmancer
  1622 | D        | Killed a deep elf zephyrmancer
  1622 | D        | Offered knowledge of Sticky Flame by Vehumet.
  1623 | D        | Reached skill level 18 in Spellcasting
  1623 | D        | Reached skill level 1 in Hexes
  1624 | D        | Killed a deep elf zephyrmancer
  1625 | D        | Killed a deep elf zephyrmancer
  1626 | D        | Reached skill level 19 in Spellcasting
  1626 | D        | Reached XP level 10. HP: 29/53 MP: 23/35
  1626 | D        | Killed a deep elf knight
  1626 | D        | Reached ****** piety under Vehumet
  1630 | D        | Killed a deep elf pyromancer
  1775 | D        | Learned a level 4 spell: Sticky Flame
  1776 | D        | Noticed a deep elf demonologist
  1777 | D        | Noticed a deep elf demonologist
  1782 | D        | Noticed an Ice Fiend
  1782 | D        | Noticed a deep elf high priest
  1783 | D        | Noticed a deep elf blademaster
  1787 | D        | Killed a deep elf demonologist
  1787 | D        | Offered knowledge of Iskenderun's Mystic Blast by Vehumet.
  1788 | D        | Reached skill level 20 in Spellcasting
  1820 | D        | Noticed a deep elf annihilator
  1923 | D        | Identified the +9 falchion of Ruination {venom, Fly rF+
                  | Int-3}
  1927 | D        | Noticed a deep elf demonologist
  1930 | D        | Noticed a deep elf death mage
  1931 | D        | Killed a deep elf high priest
  1935 | D        | Killed a deep elf annihilator
  1936 | D        | Reached skill level 21 in Spellcasting
  1936 | D        | Reached skill level 10 in Conjurations
  1936 | D        | Reached skill level 1 in Evocations
  1938 | D        | Killed a deep elf blademaster
  1939 | D        | Reached XP level 11. HP: 29/57 MP: 38/38
  1948 | D        | Killed from afar by a deep elf death mage

Illustrated notes

Levels and vault maps discovered:
D:        dungeon_sprint_mu [sprint_mu_entry_cave, sprint_mu_temple_rooms,
          sprint_mu_d1_horrors, sprint_mu_d2_genie, sprint_mu_d3_branching,
          sprint_mu_orc_legion, sprint_mu_elf_gauntlet, sprint_mu_hive_nellie,
          sprint_mu_lair_fedhas, sprint_mu_vaults_butterflies,
          sprint_mu_slime_circle, sprint_mu_shoals_kraken,
          sprint_mu_snake_twists, sprint_mu_blade_basic,
          sprint_mu_crypt_fortress, sprint_mu_tomb_spiral,
          sprint_mu_vestibule_basic, sprint_mu_gehenna_hellfire,
          sprint_mu_dis_giant, sprint_mu_tartarus_statrot,
          sprint_mu_cocytus_islands, sprint_mu_zot1]

Skill      XL: |  1  2  3  4  5  6  7  8  9 10 |
---------------+-------------------------------+-----
Dodging        | 3 4 5 6 |  6.7
Stealth        | 3 4 5 6 |  6.2
Spellcasting   | 4 6 8 10 13 14 16 19 21 | 21.7
Fire Magic     | 5 7 8 9 12 14 16 18 | 18.9
Conjurations   | 3 4 5 6 8 10 | 10.3
Fighting       | 1 |  1.8
Hexes          | 1 3 |  3.3
Evocations     | 1 |  1.4

Action                   |  1- 3 |  4- 6 |  7- 9 | 10-12 || total
-------------------------+-------+-------+-------+-------++-------
Melee: Unarmed           |     1 |       |       |       ||     1
 Cast: Foxfire           |    22 |       |       |       ||    22
       Scorch            |     3 |    11 |     8 |     9 ||    31
       Flame Wave        |       |     1 |    12 |     2 ||    15
       Inner Flame       |       |       |     1 |     2 ||     3
Evoke: Condenser vane    |       |       |       |     4 ||     4
  Use: Potion            |       |       |       |     4 ||     4
       Scroll            |       |       |       |     1 ||     1
Armor: Robe              |       |     3 |       |     1 ||     4
Dodge: Dodged            |     4 |       |     9 |     5 ||    18

Table legend: (Time is in decaauts)
 A = Elapsed time spent in this place.
 B = Non-inter-level travel time spent in this place.
 C = Inter-level travel time spent in this place.
 D = Time resting spent in this place.
 E = Time spent auto-exploring this place.
 F = Levels seen in this place.
 G = Mean time per level.
                   A        B        C        D        E       F      G
               +--------+--------+--------+--------+--------+-----+--------+
         Total |   1951 |   1951 |      0 |   1317 |    156 |   1 | 1951.0 |
       Dungeon |   1951 |   1951 |      0 |   1317 |    156 |   1 | 1951.0 |
               +--------+--------+--------+--------+--------+-----+--------+

Top non-repeatable levels by time:
       D: 1951 daAuts
